 Dungeon Crawl Stone Soup version 0.26.1-11-gd32895ea62 (webtiles) character file.

Game seed: 5442946292297650837

4586 Zeld the Cleaver (level 10, -5/129 HPs)
             Began as a Minotaur Berserker on June 6, 2021.
             Was a High Priest of Trog.
             Slain by an orc warrior
             ... wielding a +0 flail
              (12 damage)
             ... on level 8 of the Dungeon.
             The game lasted 00:08:30 (8566 turns).

Zeld the Cleaver (Minotaur Berserker)               Turns: 8566, Time: 00:08:30

Health: -5/129     AC: 21    Str: 25    XL:     10   Next: 18%
Magic:  9/9        EV:  8    Int:  4    God:    Trog [*****.]
Gold:   526        SH:  5    Dex: 10    Spells: 9/9 levels left

rFire    . . .     SeeInvis .   a - +0 hand axe
rCold    . . .     Faith    .   (no shield)
rNeg     . . .     Spirit   .   q - +0 plate armour
rPois    .         Reflect  +   (helmet restricted)
rElec    .         Harm     .   K - +2 cloak
rCorr    .         Rampage  .   k - +2 pair of gloves
Will     .....     Rnd*Tele +   p - +2 pair of boots
Stlth    ..........             E - amulet of reflection
HPRegen  0.31/turn              s - ring of teleportation (curse)
MPRegen  0.11/turn              y - ring of attention (curse)

@: berserking (expiring), lethally poisoned (-5 -> -6), slow
A: retaliatory headbutt, horns 2
a: Renounce Religion, Berserk, Trog's Hand, Brothers in Arms


You were on level 8 of the Dungeon.
You worshipped Trog.
Trog was extremely pleased with you.
You visited 2 branches of the dungeon, and saw 9 of its levels.

You collected 526 gold pieces.

Inventory:

Hand Weapons
 a - a +0 hand axe (weapon)
Armour
 k - a +2 pair of gloves (worn)
 p - a +2 pair of boots (worn)
 q - a +0 plate armour (worn)
 K - a +2 cloak (worn)
Jewellery
 s - a cursed ring of teleportation (left hand)
 x - an uncursed ring of see invisible {unknown}
 y - a cursed ring of attention (right hand)
 E - an amulet of reflection (around neck)
 F - an uncursed ring of wizardry {unknown}
Wands
 r - a wand of paralysis (10)
 B - a wand of iceblast (7)
 C - a wand of polymorph (14)
Scrolls
 f - 4 scrolls of teleportation {unknown}
 h - 4 scrolls of remove curse {unknown}
 j - 4 scrolls of identify {unknown}
 n - 2 scrolls of blinking {unknown}
 t - a scroll of noise {unknown}
 u - a scroll of fear {unknown}
 A - a scroll of holy word {unknown}
 G - 3 scrolls of fog {unknown}
 H - a scroll of enchant weapon {unknown}
Potions
 b - a potion of attraction {unknown}
 c - a potion of flight {unknown}
 d - 10 potions of heal wounds {unknown}
 e - a potion of berserk rage {unknown}
 g - a potion of cancellation {unknown}
 i - 6 potions of curing
 l - 2 potions of lignification {unknown}
 m - a potion of resistance {unknown}
 o - 4 potions of magic {unknown}
 v - a potion of degeneration {unknown}
 w - a potion of mutation {unknown}
 z - a potion of haste
 D - a potion of ambrosia {unknown}
 I - 2 potions of brilliance {unknown}
 J - 2 potions of invisibility {unknown}


   Skills:
 * Level 7.3 Fighting
 - Level 14.0 Axes
 + Level 4.9 Armour
 + Level 4.5 Dodging
 * Level 4.6 Evocations


You had 9 spell levels left.
You didn't know any spells.
Your spell library was empty.

Dungeon Overview and Level Annotations

Branches:
Dungeon (8/15)             Temple (1/1) D:6
   Lair: D:8-11

Altars:
Ashenzari
Cheibriados
Dithmenos
Elyvilon
Fedhas
Gozag
Hepliaklqana
Kikubaaqudgha
Makhleb
Nemelex Xobeh
Okawaru
Qazlal
Ru
Sif Muna
Trog
Uskayaw
Vehumet
Wu Jian
Xom
Yredelemnul
The Shining One

Annotations:
D:8 1 transporter, Diggabert's ghost, novice HOFi


Innate Abilities, Weirdness & Mutations

You reflexively headbutt those who attack you in melee.
You have a pair of horns on your head.


Message History

Diggabert's ghost is heavily damaged.
You hit the orc warrior but do no damage.
Diggabert's ghost wails.
Diggabert's ghost hits you but does no damage.
The orc warrior closely misses you.
Unknown command.
Your unstable footing causes you to fumble your attack.
Unknown command.
You hit Diggabert's ghost but do no damage.
You headbutt Diggabert's ghost.
Diggabert's ghost is heavily damaged.
You hit the orc warrior but do no damage.
Diggabert's ghost hits you but does no damage.
Unknown command.
You hit Diggabert's ghost but do no damage.
You headbutt Diggabert's ghost.
Diggabert's ghost is severely damaged.
You closely miss the orc warrior.
The orc warrior hits you with a +0 flail!
You die...

#.##..####...........©....##
............##.....#####...#
..##.#####.###..#.##$©.##..#####
..#.#.####<# #...##.###.##.....#
...###.....# #..##....≈.≈##.##.#
..#.#.####.###.##8≈.....h8##.#.#
..##.## #.##.##.≈#..##.#≈≈##..#
.###.# #...##..o.#..##....##.##
.#
#.#####.#.#.#@W##...##..#.#...
.♣
#.........#.#..#.....#≈.#.#.##
♣♣ ##........#.#..##...##..#.#.#
♣ #........##....##.##....##.##
#.........##..#.###.#≈.##...# ♣
##......##.##8.≈...≈≈8##..... ♣♣
#####.####.##......≈##.##♣♣. .♣
######.# ##.##)###.##.###♣#+ .♣♣
#......# ##.##)©)##..##..'_


You could see an orc warrior and Diggabert's ghost.

Vanquished Creatures
  A two-headed ogre (D:8)
  Pikel (D:6)
  Maggie (D:6)
  Sigmund (D:5)
  Menkaure (D:4)
  Edmund (D:5)
  A water moccasin (D:6)
  Duvessa (D:6)
  3 ice beasts
  A hornet zombie (D:8)
  A black bear (D:8)
  2 sky beasts
  3 centaurs
  2 lemures (D:6)
  2 bullfrogs
  A gnoll sergeant (D:6)
  Dowan (D:6)
  A water moccasin skeleton (D:5)
  A killer bee (D:8)
  5 wights (D:8)
  A hound (D:8)
  A jelly (D:5)
  4 orc priests
  6 orc wizards
  Crazy Yiuf (D:3)
  A gnoll shaman (D:8)
  Ijyb (D:3)
  3 iguanas
  3 hell rats (D:5)
  9 worker ants
  A hound zombie (D:3)
  2 worker ant zombies
  8 gnolls
  2 howler monkey skeletons
  A howler monkey zombie (D:8)
  4 river rats (D:5)
  9 adders
  3 shadow imps
  2 white imps (D:5)
  5 ufetubi
  2 oozes
  An adder skeleton (D:6)
  3 worms
  6 leopard geckos
  14 orcs
  9 bats
  A giant cockroach (D:3)
  8 goblins
  4 hobgoblins
  3 jackals (D:2)
  2 quokkas
  5 ball pythons
  8 frilled lizards
  3 kobolds
  17 rats
184 creatures vanquished.

Notes
Turn   | Place    | Note
-------+----------+-------------------------------------------
     0 | D:1      | Zeld the Minotaur Berserker began the quest for the Orb.
     0 | D:1      | Reached XP level 1. HP: 19/19 MP: 0/0
   277 | D:1      | Reached skill level 4 in Axes
   442 | D:1      | Reached XP level 2. HP: 25/26 MP: 1/1
  1341 | D:2      | Reached skill level 5 in Axes
  1484 | D:2      | Reached XP level 3. HP: 31/31 MP: 2/2
  1820 | D:2      | Reached ** piety under Trog
  2077 | D:3      | Reached skill level 6 in Axes
  2077 | D:3      | Reached XP level 4. HP: 38/39 MP: 3/3
  2104 | D:3      | Found a runed translucent door.
  2105 | D:3      | Noticed Crazy Yiuf
  2311 | D:3      | Noticed Ijyb
  2328 | D:3      | Killed Ijyb
  2329 | D:3      | Reached skill level 7 in Axes
  2329 | D:3      | Reached XP level 5. HP: 45/45 MP: 4/4
  2950 | D:3      | Killed Crazy Yiuf
  3179 | D:4      | Found a snail-covered altar of Cheibriados.
  3181 | D:4      | Found a sparkling altar of Nemelex Xobeh.
  3424 | D:4      | Reached skill level 8 in Axes
  3570 | D:4      | Noticed Menkaure
  3579 | D:4      | Killed Menkaure
  3580 | D:4      | Reached XP level 6. HP: 26/51 MP: 5/5
  3874 | D:4      | Reached skill level 9 in Axes
  3879 | D:4      | Reached *** piety under Trog
  3895 | D:4      | Found an ancient bone altar of Kikubaaqudgha.
  4141 | D:5      | Entered Level 5 of the Dungeon
  4160 | D:5      | Reached XP level 7. HP: 27/57 MP: 6/6
  4371 | D:5      | Reached skill level 10 in Axes
  4679 | D:5      | Noticed Sigmund
  4685 | D:5      | Noticed Edmund
  4707 | D:5      | Killed Edmund
  4708 | D:5      | Reached skill level 11 in Axes
  4715 | D:5      | Killed Sigmund
  4716 | D:5      | Reached XP level 8. HP: 19/64 MP: 7/7
  5257 | D:5      | Reached skill level 12 in Axes
  5295 | D:5      | Reached **** piety under Trog
  5350 | D:5      | Found the +2 ratskin cloak {*Rats rPois rN+ Str-1 Int-1
                  | Dex+1}
  5647 | D:6      | Found a staircase to the Ecumenical Temple.
  5647 | D:6      | Noticed Pikel
  5661 | D:6      | Killed Pikel
  5662 | D:6      | Reached skill level 13 in Axes
  5669 | Temple   | Entered the Ecumenical Temple
  5959 | D:6      | Noticed Maggie
  5961 | D:6      | Paralysed by Maggie for 2 turns
  5969 | D:6      | Paralysed by Maggie for 6 turns
  5979 | D:6      | Killed Maggie
  5980 | D:6      | Reached skill level 14 in Axes
  5980 | D:6      | Reached XP level 9. HP: 54/71 MP: 8/8
  6085 | D:6      | Noticed Duvessa
  6097 | D:6      | Killed Duvessa
  6098 | D:6      | Reached skill level 1 in Evocations
  6100 | D:6      | Noticed Dowan
  6108 | D:6      | Killed Dowan
  6525 | D:6      | Found a hazy altar of Hepliaklqana.
  6576 | D:6      | Found a stormy altar of Qazlal.
  6764 | D:6      | Reached skill level 5 in Fighting
  7109 | D:6      | Reached ***** piety under Trog
  7309 | D:7      | Found a burning altar of Makhleb.
  7532 | D:8      | Found a transporter.
  7532 | D:8      | Found a transporter.
  7532 | D:8      | Noticed a two-headed ogre
  7878 | D:8      | Noticed Diggabert's ghost (novice HOFi)
  7930 | D:8      | Found a white marble altar of Elyvilon.
  8260 | D:8      | Found an iron altar of Okawaru.
  8453 | D:8      | Killed a two-headed ogre
  8454 | D:8      | Reached XP level 10. HP: 45/86 MP: 9/9
  8553 | D:8      | HP: 6/129 [Diggabert's ghost (14)]
  8559 | D:8      | HP: 6/129 [poisoned by a killer bee]
  8566 | D:8      | Slain by an orc warrior

Illustrated notes

Levels and vault maps discovered:
D:1:      dpeg_arrival_three_bigger_balls, layout_loops_corners,
          minmay_misc_feat_encased
D:2:      layout_basic
D:3:      layout_basic, uniq_crazy_yiuf_cottage, uniq_ijyb
D:4:      layout_loops_ring, overflow_temple_1_default,
          chequers_temple_overflow_statue_of_worship, uniq_menkaure
D:5:      wander_guarded_unrand_ratskin, layout_basic, uniq_edmund, uniq_sigmund
D:6:      layout_basic, nicolae_overflow_hidden_temple,
          nzn_hepliaklqana_mist_gate, minmay_temple_entry_glass,
          minmay_fractal_squares_gapless_5, uniq_pikel, uniq_maggie,
          uniq_duvessa
D:7:      layout_rooms, lemuel_doored_altar
D:8:      layout_loops_ring, kennysheep_mini_moat, elyvilon_altar_3,
          nzn_ghost_randoct
Temple:   dshaligram_water_room_temple

Skill      XL: |  1  2  3  4  5  6  7  8  9 |
---------------+----------------------------+-----
Axes           | 4 5 6 7 8 9 11 14 | 14.0
Fighting       | 4 7 |  7.3
Evocations     | 4 |  4.6
Armour         | 4 |  4.9
Dodging        | 4 |  4.5

Action                   |  1- 3 |  4- 6 |  7- 9 | 10-12 || total
-------------------------+-------+-------+-------+-------++-------
Melee: Hand axe          |    72 |   115 |   372 |    59 ||   618
       Headbutt          |     7 |    21 |    86 |    18 ||   132
Invok: Berserk           |       |     3 |     2 |     2 ||     7
Armor: Animal skin       |    23 |       |       |       ||    23
       Plate armour      |     5 |    81 |   185 |    29 ||   300
Dodge: Dodged            |    47 |    48 |    71 |    15 ||   181
Block: Other             |       |       |    43 |    12 ||    55
       Reflection        |       |       |     2 |       ||     2
